AoeStats
← Efthiron

Arabia

503392813Analyzed
1v1 RM · 1mo ago on Aug 31, 2026· 22m 26s· 2 players
Game mode
Random Map
Map size
Tiny (2 player)
Population
200
Speed
Normal
Resources
Standard
Victory
Conquest
Starting age
Dark Age
Ending age
Imperial Age
RankedLock teamsTeams togetherTeam positionsShared explorationLock speedFull tech treeHidden civsTurbo modeCheats
Victory
Defeat
🇧🇷 Shu · Brazil
1346
+14
🇲🇽 Mongols · Mexico
1293
-14
Efthiron
5:45 Loom
9:34 Feudal Age
15:56 Wheelbarrow
20:15 Castle Age
19:27 Scale Barding Armor
19:33 Forging
21:08 Bloodlines
21:23 Town Watch
21:55 Fletching
thanzin
7:12 Loom
10:30 Feudal Age
14:39 Castle Age
20:08 Double-Bit Axe
Connection lost

Rejoining the realm…

Still unreachable

The connection could not be restored.

Session expired

The server has moved on; the page needs a fresh start.